 Dungeon Sprint DCSS version 0.21.0-24-g2553a33 (webtiles) character file.

342 letownia2 the Ruffian (level 6, -5/61 HPs)
             Began as a Troll Wizard on Jan 20, 2018.
             Slain by a spatial vortex (27 damage)
             ... in the Dungeon (Sprint III: "The Ten Rune Challenge").
             The game lasted 00:02:33 (455 turns).

letownia2 the Ruffian (Troll Wizard)                 Turns: 455, Time: 00:02:34

Health: -5/61      AC:  7    Str: 16    XL:     6   Next: 30%
Magic:  10/10      EV:  9    Int: 16    God:
Gold:   16         SH:  0    Dex:  8    Spells: 4/11 levels left

rFire    . . .     SeeInvis .     - Unarmed
rCold    . . .     Gourm    +   (no shield)
rNeg     . . .     Faith    .   a - +0 robe
rPois    .         Spirit   .   b - +0 hat
rElec    .         Reflect  .   l - +1 cloak
rCorr    .         Harm     .   (gloves unavailable)
MR       .....     NoTele   +   (boots unavailable)
Stlth    +.........             (no amulet)
HPRegen  0.60/turn              (no ring)
MPRegen  0.12/turn              (no ring)

@: no status effects
A: large, unfitting armour, claws 3, fast metabolism 3, gourmand, regeneration
1, shaggy fur 1, tough skin 2
a: no special abilities


You were in the Dungeon.
You were not hungry.

You visited 1 branch You collected 16 gold pieces.

Inventory:

Hand Weapons
 m - a +3 quarterstaff of chaos
Armour
 a - a +0 robe (worn)
 b - a +0 hat (worn)
 l - a +1 cloak (worn)
Wands
 k - a wand of flame (18)
Scrolls
 j - a scroll of blinking
 o - 2 scrolls of holy word {unknown}
 p - 3 scrolls of identify
 q - 2 scrolls of remove curse {unknown}
Potions
 e - 2 potions of curing
 f - 2 potions of heal wounds
 g - 2 potions of haste
 h - 2 potions of magic
 i - a potion of berserk rage
 n - 2 potions of mutation {unknown}
 r - a potion of degeneration {unknown}
 s - 2 potions of flight
Books
 c - a book of Minor Magic

   Spells                             Type                      Level
   a - Magic Dart                     Conjuration                  1
   b - Blink                          Translocation                2
   c - Call Imp                       Summoning                    2
   d - Slow                           Hexes                        2
   e - Conjure Flame                  Conjuration/Fire             3
   f - Mephitic Cloud                 Conjuration/Poison/Air       3
Comestibles
 d - 5 rations


   Skills:
 - Level 3.1 Fighting
 - Level 1.5 Dodging
 - Level 1.0 Stealth
 + Level 7.3 Unarmed Combat
 + Level 3.4 Spellcasting
 + Level 3.6 Conjurations
   Level 0.6 Summonings
   Level 0.6 Translocations
 - Level 2.7 Fire Magic
 - Level 3.2 Air Magic
 - Level 3.5 Poison Magic


You had 4 spell levels left.
You knew the following spells:

 Your Spells              Type           Power        Failure   Level  Hunger
a - Magic Dart            Conj           ##..         4%          1    None
c - Conjure Flame         Conj/Fire      ##......     14%         3    ###....
e - Mephitic Cloud        Conj/Pois/Air  ##......     13%         3    ###....


Dungeon Overview and Level Annotations

Branches:
Dungeon (1/1)

Altars:
Cheibriados
Elyvilon
Fedhas
Gozag
Hepliaklqana
Makhleb
Nemelex Xobeh
Qazlal
Xom
Zin
The Shining One
Jiyva
Lugonu


Innate Abilities, Weirdness & Mutations

You are too large for most types of armour.
You have claws for hands.
Your metabolism is lightning-fast.
You like to eat raw meat.
Your natural rate of healing is unusually fast.
You are covered in fur. (AC +1)
You have very tough skin. (AC +2)


Message History

The spatial vortex barely misses you.
There is a hazy altar of Hepliaklqana here.
You barely miss the spatial vortex. The spatial vortex hits you!
Space bends around you.
You barely miss the spatial vortex. You claw the spatial vortex!
The spatial vortex is moderately damaged.
The spatial vortex hits you!! Space bends around you.
You are too injured to fight recklessly!
You are too injured to fight recklessly!
You are too injured to fight recklessly!
You mangle the spatial vortex!!
The spatial vortex is severely damaged.
You claw the spatial vortex!
The spatial vortex is almost destroyed.
Unknown command.
Press < or > to pray at altars.
There is an opulent altar of Gozag here.
The spatial vortex hits you!!
You die...

.#### ##.#####
....#####..#___#
.....#..#..#.).#
##...#..#..###'#+###+##
###..##'#..#..........#
.##..###...'.⌠........#
##..####...#...######'#
##..###....#.⌠.#_v#...#
#...##.....#...#@_#...#
....#......#+###__#...#
..##.#.....# #__#...+
..#####....# #__'...#
▓▓▓ ▓▓▓▓▓▓ ▓▓▓▓▓▓▓▓


You could see a spatial vortex.

Vanquished Creatures
  A shadow (D)
  A water elemental (D)
  A jelly (D)
  Crazy Yiuf (D)
  Jessica (D)
  A human (D)
  An ooze (D)
  A rat (D)
8 creatures vanquished.

Vanquished Creatures (others)
  2 draconian scorchers (D)
  A deep elf mage (D)
  6 hellions (D)
  A yaktaur (D)
  4 plants (D)
14 creatures vanquished.

Grand Total: 22 creatures vanquished

Notes
Turn   | Place    | Note
-------+----------+-------------------------------------------
     0 | D        | letownia2 the Troll Wizard began the quest for the Orb.
     0 | D        | Reached XP level 1. HP: 16/16 MP: 2/2
    11 | D        | Reached skill level 3 in Unarmed Combat
    26 | D        | Noticed Jessica
    45 | D        | Killed Jessica
    45 | D        | Reached skill level 6 in Unarmed Combat
    45 | D        | Reached XP level 2. HP: 7/24 MP: 4/4
    45 | D        | Reached XP level 3. HP: 9/31 MP: 5/5
    54 | D        | Learned a level 3 spell: Mephitic Cloud
    90 | D        | Killed a hellion
    90 | D        | Killed a hellion
   103 | D        | Killed a hellion
   104 | D        | Killed a hellion
   104 | D        | Killed a hellion
   127 | D        | Reached skill level 1 in Conjurations
   127 | D        | Reached skill level 1 in Air Magic
   127 | D        | Reached skill level 1 in Poison Magic
   173 | D        | Killed a hellion
   174 | D        | Killed a yaktaur
   184 | D        | Noticed Crazy Yiuf
   200 | D        | Killed Crazy Yiuf
   200 | D        | Reached XP level 4. HP: 39/39 MP: 2/6
   205 | D        | Killed a white draconian scorcher
   213 | D        | Learned a level 3 spell: Conjure Flame
   240 | D        | Noticed a water elemental
   244 | D        | Killed a water elemental
   244 | D        | Reached skill level 1 in Fighting
   244 | D        | Reached skill level 1 in Fire Magic
   244 | D        | Reached XP level 5. HP: 39/48 MP: 0/8
   260 | D        | Killed a white draconian scorcher
   309 | D        | Found a glowing silver altar of Zin.
   309 | D        | Found a glowing golden altar of the Shining One.
   309 | D        | Found a white marble altar of Elyvilon.
   316 | D        | Noticed a deep elf mage
   319 | D        | Noticed a fire elemental
   325 | D        | Killed a deep elf mage
   401 | D        | Noticed a shadow
   406 | D        | Killed a shadow
   406 | D        | Reached skill level 7 in Unarmed Combat
   406 | D        | Reached XP level 6. HP: 33/61 MP: 5/10
   443 | D        | Found a blossoming altar of Fedhas.
   443 | D        | Found a stormy altar of Qazlal.
   444 | D        | Found a snail-covered altar of Cheibriados.
   444 | D        | Found a burning altar of Makhleb.
   444 | D        | Found a hazy altar of Hepliaklqana.
   444 | D        | Found a shimmering altar of Xom.
   444 | D        | Found an opulent altar of Gozag.
   444 | D        | Found a sparkling altar of Nemelex Xobeh.
   444 | D        | Found a corrupted altar of Lugonu.
   444 | D        | Found a viscous altar of Jiyva.
   444 | D        | Noticed a spatial vortex
   455 | D        | Slain by a spatial vortex

Skill      XL: |  1  2  3  4  5 |
---------------+----------------+-----
Unarmed Combat | 6 7 |  7.3
Conjurations   | 2 3 |  3.6
Air Magic      | 1 2 3 |  3.2
Poison Magic   | 1 2 3 |  3.5
Fighting       | 1 3 |  3.1
Fire Magic     | 1 2 |  2.7
Spellcasting   | 3 |  3.4
Dodging        | |  1.5
Stealth        | |  1.0
Summonings     | |  0.6
Translocations | |  0.6

Action                   |  1- 3 |  4- 6 || total
-------------------------+-------+-------++-------
Melee: Unarmed           |    25 |    11 ||    36
 Cast: Mephitic Cloud    |     2 |     1 ||     3
       Conjure Flame     |       |     2 ||     2
 Stab: Sleeping          |       |     1 ||     1
  Eat: Chunk             |     4 |       ||     4
Armor: Robe              |     2 |       ||     2
Dodge: Dodged            |     6 |     2 ||     8
